 Dungeon Crawl Stone Soup version 0.25-a0-294-gea9b1ad378 (webtiles) character file.

Game seed: 14628923332500214617, levelgen mode: classic

146 Borgoz the Covered (level 5, 0/33 HPs)
             Began as a Gargoyle Fighter on Dec 16, 2019.
             Slain by Grinder (7 damage)
             ... on level 3 of the Dungeon.
             The game lasted 00:02:13 (1596 turns).

Borgoz the Covered (Gargoyle Fighter)               Turns: 1596, Time: 00:02:14

Health: 0/33       AC: 11    Str: 25    XL:     5   Next: 28%
Magic:  5/5        EV:  7    Int:  8    God:
Gold:   123        SH: 10    Dex: 10    Spells: 4/4 levels left

rFire    . . .     SeeInvis .   i - +4 club
rCold    . . .     Gourm    .   c - +0 shield
rNeg     + . .     Faith    .   b - +0 scale mail
rPois    ∞         Spirit   .   (no helmet)
rElec    +         Reflect  .   (no cloak)
rCorr    .         Harm     .   (no gloves)
MR       .....                  (no boots)
Stlth    ..........             (no amulet)
HPRegen  0.11/turn              (no ring)
MPRegen  0.09/turn              (no ring)

@: mighty
A: negative energy resistance 1, electricity resistance, unbreathing,
petrification resistance, rot immunity, AC +4
a: no special abilities


You were on level 3 of the Dungeon.
You were hungry.

You visited 1 branch of the dungeon, and saw 3 of its levels.

You collected 123 gold pieces.

Inventory:

Hand Weapons
 a - a +0 flail
 i - a +4 club (weapon)
Armour
 b - a +0 scale mail (worn)
 c - a +0 shield (worn)
Scrolls
 h - 3 scrolls of identify {unknown}
 k - 2 scrolls of fear {unknown}
 l - 3 scrolls of teleportation {unknown}
 n - a scroll of magic mapping {unknown}
 q - a scroll of enchant armour {unknown}
Potions
 e - a potion of resistance {unknown}
 g - a potion of berserk rage {unknown}
 j - a potion of curing
 m - a potion of lignification {unknown}
 o - a potion of heal wounds {unknown}
Comestibles
 f - 7 rations
 p - 5 chunks of flesh


   Skills:
 + Level 4.1 Fighting
 * Level 3.5 Maces & Flails
 + Level 4.1 Armour
 - Level 0.1 Dodging
 + Level 4.0 Shields


You had 4 spell levels left.
You didn't know any spells.
Your spell library was empty.

Dungeon Overview and Level Annotations

Branches:
Dungeon (3/15)

Altars:
Dithmenos

Annotations:
D:3 Grinder


Innate Abilities, Weirdness & Mutations

You are resistant to torment.
Your stone body is resilient. (AC +4)
You are immune to poison.
You resist negative energy. (rN+)
You are resistant to electric shocks. (rElec)
You can survive without breathing.
You are immune to petrification.
You are immune to rotting.


Message History

* * * LOW HITPOINT WARNING * * *
You closely miss Grinder.
Grinder is heavily wounded.
You block the kobold's attack. Grinder gestures at you.
You suddenly lose the ability to move!
Grinder hits you but does no damage. The kobold hits you but does no damage.
You can move again.
You sock Grinder!
Grinder is severely wounded.
The kobold hits you but does no damage.
Grinder blinks!
You hit the kobold.
You kill the kobold!
You closely miss Grinder.
Grinder is severely wounded.
Grinder hits you but does no damage. x2
Your shield and scale mail prevent you from hitting Grinder.
Grinder is severely wounded.
Grinder hits you!
You die...

#### ######### ...##
#........ ....##
#........ .....#
######........ .....#
#....#).......
.....######.............
.....##.....$..#@5......
....(.(.......?#........
.....##.##..####........
......# ##.#####........
....^...#........#######
>....#....#.######
......<####.# ........#
#.# >.....#.# #.#


You could see Grinder.

Vanquished Creatures
  A centaur skeleton (D:2)
  Jessica (D:2)
  An adder (D:3)
  5 oozes (D:1)
  A worm (D:1)
  2 dart slugs
  2 leopard geckos (D:3)
  An orc (D:3)
  5 bats
  2 giant cockroaches
  2 goblins
  A hobgoblin (D:2)
  11 jackals
  6 kobolds
  A frilled lizard (D:2)
  4 rats
46 creatures vanquished.

Notes
Turn   | Place    | Note
-------+----------+-------------------------------------------
     0 | D:1      | Borgoz the Gargoyle Fighter began the quest for the Orb.
     0 | D:1      | Reached XP level 1. HP: 14/14 MP: 1/1
     1 | D:1      | Found a runed translucent door.
    51 | D:1      | Reached XP level 2. HP: 15/19 MP: 2/2
   492 | D:2      | Noticed Jessica
   504 | D:2      | Killed Jessica
   504 | D:2      | Reached XP level 3. HP: 24/24 MP: 3/3
   753 | D:2      | Found a shadowy altar of Dithmenos.
   974 | D:2      | Reached XP level 4. HP: 20/29 MP: 4/4
  1430 | D:3      | Reached XP level 5. HP: 33/33 MP: 5/5
  1569 | D:3      | Noticed Grinder
  1578 | D:3      | Paralysed by Grinder for 2 turns
  1590 | D:3      | Paralysed by Grinder for 2 turns
  1596 | D:3      | Slain by Grinder

Levels and vault maps discovered:
D:1:      dpeg_arrival_caged_fury, layout_basic
D:2:      layout_loops_ring, kennysheep_small_spiral,
          grunt_dithmenos_smoke_and_mirrors, uniq_jessica
D:3:      layout_rooms, first_ration, kennysheep_generic_room_9, uniq_grinder

Skill      XL: |  1  2  3  4  5 |
---------------+----------------+-----
Maces & Flails | 3 |  3.5
Fighting       | 4 |  4.1
Armour         | 4 |  4.1
Shields        | 4 |  4.0
Dodging        | |  0.1

Action                   |  1- 3 |  4- 6 || total
-------------------------+-------+-------++-------
Melee: Flail             |    66 |       ||    66
       Club              |    13 |   115 ||   128
  Use: Potion            |       |     2 ||     2
  Eat: Chunk             |       |     2 ||     2
Armor: Scale mail        |    45 |    91 ||   136
Dodge: Dodged            |    23 |    45 ||    68
Block: Shield            |    53 |    72 ||   125

Table legend:
 A = Non-vault XP
 B = Vault XP
 C = Vault XP percentage of total XP
 D = Non-vault monster count
 E = Vault monster count
 F = Vault count percentage of total count
                 A         B        C        D         E       F
            +---------+---------+-------+---------+---------+-------
      Total |     126 |      83 |  39.7 |      32 |      14 |  30.4
            +---------+---------+-------+---------+---------+-------
        D:1 |      25 |      46 |  64.8 |       9 |      13 |  59.1
        D:2 |      55 |      37 |  40.2 |       7 |       1 |  12.5
        D:3 |      46 |       0 |   0.0 |      16 |       0 |   0.0
            +---------+---------+-------+---------+---------+-------
